 Dungeon Crawl Stone Soup version 0.30-a0-913-g9934a0ce24 (webtiles) character file.

Game seed: 239095848292093404

245 cforsyth the Trooper (level 6, -28/49 HPs)
             Began as a Human Fighter on Mar 20, 2023.
             Annihilated by an ogre
             ... wielding a +0 giant spiked club
              (29 damage)
             ... on level 4 of the Dungeon.
             The game lasted 00:02:47 (2700 turns).

cforsyth the Trooper (Human Fighter)                Turns: 2700, Time: 00:02:48

Health: -28/49     AC:  7    Str: 18    XL:     6   Next: 32%
Magic:  6/6        EV:  9    Int:  9    God:
Gold:   70         SH:  5    Dex: 12    Spells: 5/5 levels left

rFire   . . .      SeeInvis .    a - +0 flail
rCold   . . .      Faith    .    c - +0 buckler
rNeg    . . .      Spirit   .    b - +0 scale mail
rPois   .          Reflect  .    (no helmet)
rElec   .          Rampage  .    (no cloak)
rCorr   .                        (no gloves)
Will    .....                    (no boots) Stlth
                                 (no amulet)
HPRegen 0.28/turn                (no ring)
MPRegen 0.10/turn                (no ring)

@: mighty
A: no striking features
a: no special abilities


You were on level 4 of the Dungeon.
You visited 1 branch of the dungeon, and saw 4 of its levels.

You collected 206 gold pieces.
You spent 136 gold pieces at shops.

Inventory:

Hand Weapons
 a - a +0 flail (weapon)
Armour
 b - a +0 scale mail (worn)
 c - a +0 buckler (worn)
Scrolls
 e - 3 scrolls of amnesia {unknown}
 h - a scroll of magic mapping {unknown}
 j - a scroll of brand weapon {unknown}
 k - 3 scrolls of teleportation {unknown}
 l - a scroll of fog {unknown}
 n - 2 scrolls of identify {unknown}
 r - 2 scrolls of enchant weapon {unknown}
 s - a scroll of blinking {unknown}
 t - a scroll of enchant armour {unknown}
Potions
 f - 2 potions of cancellation {unknown}
 g - 4 potions of curing {unknown}
 i - a potion of lignification {unknown}
 m - a potion of flight {unknown}
 o - a potion of resistance {unknown}
 p - 3 potions of degeneration {unknown}
 q - 2 potions of magic {unknown}


   Skills:
 + Level 4.5 Fighting
 - Level 2.0 Maces & Flails
 + Level 4.4 Armour
 + Level 4.5 Shields


You had 5 spell levels left.
You didn't know any spells.
Your spell library contained the following spells:

 Spells                   Type           Power      Damage    Failure   Level
 Sting                    Tmut/Pois      0%         1d3       85%         1
 Poisonous Vapours        Pois/Air       0%         N/A       94%         2
 Olgreb's Toxic Radiance  Pois           0%         N/A       100%        4


Dungeon Overview and Level Annotations

Branches:
Dungeon (4/15)
 Temple: D:4-7

Altars:
Ashenzari

Shops:
D:3 *   D:4 (


Message History

Found Xoclued's Antique Weapon Emporium.
A giant cockroach comes into view.
Found a golden potion.
A giant cockroach is nearby!
The giant cockroach bites you but does no damage.
You sock the giant cockroach!
You kill the giant cockroach!
No target in view!
No target in view!
No target in view!
No target in view!
No target in view!
A white imp comes into view.
The white imp shouts!
An ogre comes into view. It is wielding a +0 giant spiked club.
You completely miss the white imp. The white imp barely misses you.
You barely miss the white imp. The white imp gestures at you.
The puff of frost hits you!
You feel very mighty all of a sudden.
The white imp hits you but does no damage.
You hit the white imp.
The white imp is heavily wounded.
The white imp shouts, "Flee, thou frothy saucy death-token!"
The white imp hits you but does no damage.
The white imp gestures at you. The puff of frost hits you!
The ogre hits you with a +0 giant spiked club!!
* * * LOW HITPOINT WARNING * * *
You sock the ogre!
The ogre is heavily wounded.
The white imp gestures at you. The puff of frost hits you.
* * * LOW HITPOINT WARNING * * *
Unknown command.
You hit the ogre.
The ogre is severely wounded.
The ogre hits you with a +0 giant spiked club!!
Ouch! That really hurt!
You die...

## ###..O.
# #...#.#
#. ... .#
#.#..!#.#
#..#.#..#
#...5O..#.#
#..#@#..#.#
#.#...#.#.#
#.......#.#
######....#
##..##
#...#######
#.#........
#...#######
###.#


You could see an ogre and a white imp.

Vanquished Creatures
  Sigmund (D:2)
  An adder (D:2)
  A gnoll (D:1)
  3 dart slugs
  5 ball pythons
  4 bats (D:1)
  7 endoplasms
  4 giant cockroaches
  5 goblins
  6 hobgoblins
  7 kobolds
  4 quokkas
  4 frilled lizards (D:1)
  5 rats
57 creatures vanquished.

Vanquished Creatures (others)
  11 plants (D:1)
11 creatures vanquished.

Grand Total: 68 creatures vanquished

Notes
Turn   | Place    | Note
-------+----------+-------------------------------------------
     0 | D:1      | cforsyth the Human Fighter began the quest for the Orb.
     0 | D:1      | Reached XP level 1. HP: 18/18 MP: 1/1
   144 | D:1      | Reached XP level 2. HP: 20/24 MP: 2/2
   265 | D:1      | Reached XP level 3. HP: 8/29 MP: 3/3
  1114 | D:2      | Reached XP level 4. HP: 35/36 MP: 4/4
  1198 | D:2      | Noticed Sigmund
  1203 | D:2      | Killed Sigmund
  1204 | D:2      | Reached XP level 5. HP: 34/43 MP: 5/5
  1204 | D:2      | Reached XP level 6. HP: 39/49 MP: 6/6
  1848 | D:2      | Found a faded altar of an unknown god.
  2283 | D:3      | Found Igeaner's Assorted Antiques.
  2298 | D:3      | Bought 2 murky amethyst potions for 43 gold pieces
  2298 | D:3      | Bought a scroll labelled FITOTUTIQA for 24 gold pieces
  2298 | D:3      | Bought a yellow potion for 21 gold pieces
  2298 | D:3      | Bought a scroll labelled IFETWUTTEO for 24 gold pieces
  2298 | D:3      | Bought a scroll labelled OQYNOY SICUU for 24 gold pieces
  2655 | D:4      | Found a broken altar of Ashenzari.
  2687 | D:4      | Found Xoclued's Antique Weapon Emporium.
  2693 | D:4      | Noticed an ogre
  2699 | D:4      | HP: 1/49 [white imp/puff of frost (4)]
  2700 | D:4      | Annihilated by an ogre

Illustrated notes

Levels and vault maps discovered:
D:1:      lemuel_arrival_funnel, layout_basic, serial_bayou_pond_c,
          chequers_serial_rivers_micro_c, nicolae_grassy_gnolls
D:2:      layout_basic, basic_ecumenical_altar, uniq_sigmund
D:3:      layout_basic, serial_shops, nicolae_shop_crystal, minmay_crystal_water
D:4:      layout_loops_ring, lemuel_mausoleum_altar_kikubaaqudgha,
          mainiacjoe_overflow_tiny_flanked, yredelemnul_altar_generic,
          mainiacjoe_overflow_paths, elyvilon_altar_3, serial_shops,
          nicolae_shop_advertising_works [nicolae_subvault_shop_adworks],
          minmay_liquid_box, uniq_duvessa, uniq_eustachio, uniq_pikel

Skill      XL: |  1  2  3  4 |
---------------+-------------+-----
Fighting       | 4 |  4.5
Armour         | 4 |  4.4
Shields        | 4 |  4.5
Maces & Flails | |  2.0

Action                     |  1- 3 |  4- 6 || total
---------------------------+-------+-------++-------
  Melee: Flail             |    94 |   101 ||   195
    Use: Potion            |       |     1 ||     1
 Armour: Scale mail        |    43 |    54 ||    97
  Dodge: Dodged            |    37 |    46 ||    83
  Block: Buckler           |    22 |    16 ||    38

Table legend: (Time is in decaauts)
 A = Elapsed time spent in this place.
 B = Non-inter-level travel time spent in this place.
 C = Inter-level travel time spent in this place.
 D = Time resting spent in this place.
 E = Time spent auto-exploring this place.
 F = Levels seen in this place.
 G = Mean time per level.
                   A        B        C        D        E       F      G
               +--------+--------+--------+--------+--------+-----+--------+
         Total |   2772 |   2679 |     93 |      0 |   2204 |   4 |  693.0 |
       Dungeon |   2772 |   2679 |     93 |      0 |   2204 |   4 |  693.0 |
               +--------+--------+--------+--------+--------+-----+--------+

Top non-repeatable levels by time:
     D:1: 1057 daAuts
     D:2: 1006 daAuts
     D:3: 625 daAuts
     D:4: 82 daAuts
